Map: [ESL] Moondance

Players

LiquidClem (Clem)

  • Race: Terran Terran
  • League: Grandmaster
  • Spawn Location: 6:00

Zoun - Winner!

  • Race: Protoss Protoss
  • Spawn Location: 12:00

Event: HomeStory Cup XXII

VOD

Have the link to the VOD?

Description

Time

  • Played on: Dec. 17, 2022, 9:26 a.m.
  • Length: 13:47

All games in this series

Show
View Real Time Build Order
Export as new Build Order

LiquidClem Terran 

Build Orders: Cyclone Opening 

Get SALT Encoding   

  12  0:00  SCV  
  13  0:12  SCV  
  14  0:16  Supply Depot  
  14  0:24  SCV  
  15  0:31  Refinery  
  15  0:38  SCV  
  16  0:44  Barracks  
  16  0:50  SCV  
  17  1:02  Engineering Bay  
  17  1:04  SCV  
  18  1:18  SCV  
  19  1:31  Orbital Command, Marine  
  20  1:38  Factory  
  19  1:46  Supply Depot  
  19  1:50  Barracks Reactor  
  19  1:57  SCV  
  20  2:09  SCV  
  21  2:21  SCV, Factory Tech Lab  
  22  2:23  Command Center  
  22  2:26  Marine x2  
  24  2:33  Supply Depot  
  24  2:39  Cyclone  
  24  2:43  SCV  
  28  2:45  Marine  
  28  2:47  Marine  
  30  2:55  SCV  
  31  2:58  Barracks  
  31  3:05  Refinery, Marine  
  32  3:09  Marine  
  33  3:13  SCV  
  34  3:21  Siege Tank  
  34  3:25  SCV  
  34  3:26  Marine  
  39  3:34  Marine  
  39  3:37  SCV  
  39  3:40  Supply Depot  
  41  3:44  Marine  
  41  3:47  Marine  
  42  3:49  SCV  
  42  3:52  Marine  
  42  3:53  Siege Tank  
  47  4:00  Orbital Command  
  47  4:03  SCV  
  47  4:04  Marine  
  47  4:07  Marine  
  50  4:15  SCV  
  50  4:16  Marine  
  52  4:19  Barracks  
  52  4:25  Siege Tank  
  52  4:29  SCV  
  52  4:30  SCV  
  57  4:31  Barracks Tech Lab  
  57  4:33  Marine  
  57  4:35  Marine  
  57  4:41  SCV  
  57  4:43  Supply Depot  
  57  4:44  SCV  
  59  4:51  Marine  
  58  4:53  SCV, Stimpack  
  58  4:55  Marine x2  
  58  4:56  SCV  
  59  5:01  Siege Tank  
  58  5:08  Marine  
  58  5:09  SCV, Marauder  
  58  5:10  SCV  
  58  5:12  Marine  
  64  5:15  Marine  
  64  5:17  Bunker  
  65  5:22  SCV x2  
  60  5:31  Marauder  
  60  5:34  SCV  
  57  5:36  Marine x2  
  57  5:39  SCV, Barracks Tech Lab  
  55  5:43  Refinery  
  55  5:44  Siege Tank  
  55  5:45  Engineering Bay  
  55  5:46  SCV  
  59  5:51  SCV  
  59  5:52  Marauder  
  59  5:53  Refinery  
  59  5:54  Marine x2  
  59  5:55  Supply Depot  
  64  5:58  SCV, Combat Shield  
  64  6:03  SCV, Marauder  
  68  6:10  SCV  
  69  6:11  Marine  
  69  6:16  Marine x2  
  69  6:17  Starport  
  72  6:19  Command Center  
  72  6:21  SCV  
  73  6:27  Factory Reactor  
  73  6:28  Marauder  
  73  6:29  Supply Depot  
  73  6:32  Supply Depot  
  75  6:34  SCV x2  
  75  6:36  Terran Infantry Weapons Level 1  
  75  6:37  Marine  
  78  6:49  Supply Depot  
  78  6:50  SCV x2, Marine  
  78  6:51  Marauder x2  
  85  6:58  Supply Depot, Marine  
  86  7:05  SCV  
  86  7:06  SCV  
  86  7:08  Concussive Shells  
  86  7:09  Medivac  
  86  7:11  Medivac  
  86  7:12  Marauder, Marine  
  86  7:14  Marauder  
  95  7:16  Marine  
  95  7:19  SCV x2  
  91  7:30  Marine  
  91  7:31  SCV x2  
  91  7:33  Marauder  
  91  7:34  Marine  
  91  7:36  Marauder  
  95  7:38  Orbital Command  
  95  7:43  SCV x2  
  97  7:45  Medivac  
  97  7:48  Marine  
  97  7:49  Viking  
  102  7:51  Supply Depot  
  102  7:55  SCV  
  103  8:01  SCV  
  103  8:03  SCV, Barracks  
  103  8:04  Barracks  
  104  8:07  SCV  
  104  8:09  Marauder  
  104  8:12  Marine x2  
  110  8:13  SCV  
  110  8:14  Marauder, Factory Reactor  
  110  8:15  SCV  
  110  8:19  SCV  
  114  8:21  Medivac x2  
  114  8:25  SCV  
  118  8:27  Supply Depot  
  118  8:30  Marauder, Marine x2  
  118  8:31  SCV x2  
  124  8:36  Refinery  
  124  8:38  Marauder  
  124  8:40  SCV  
  127  8:44  Supply Depot, SCV x2  
  127  8:46  Terran Infantry Armor Level 1  
  127  8:47  Marine x2  
  130  8:51  Widow Mine  
  130  8:52  Widow Mine, Marauder  
  130  8:54  Medivac  
  130  8:55  Medivac  
  140  8:58  Barracks Tech Lab  
  140  9:00  Barracks Reactor  
  140  9:03  Supply Depot  
  140  9:06  Marauder  
  140  9:07  Marine x2  
  144  9:13  Marauder  
  144  9:15  Widow Mine  
  148  9:22  Widow Mine  
  148  9:26  Marine x2  
  148  9:27  Command Center, Marauder  
  152  9:31  Supply Depot  
  152  9:34  Marauder  
  152  9:36  Ghost Academy  
  152  9:37  Armory  
  154  9:40  Widow Mine  
  154  9:41  Engineering Bay  
  154  9:42  Marine x2  
  147  9:46  Widow Mine, Marine x2  
  147  9:49  Marauder  
  147  9:51  Marauder  
  155  9:53  Medivac  
  154  10:00  Marine x2  
  154  10:01  Widow Mine  
  154  10:02  SCV x2  
  154  10:05  Marine x2  
  155  10:13  Widow Mine, Marine  
  157  10:14  SCV  
  157  10:20  Marine x2  
  160  10:23  Liberator  
  160  10:28  Widow Mine, Marine  
  164  10:31  Marauder  
  164  10:34  Marine  
  161  10:36  SCV x2  
  161  10:37  Terran Infantry Weapons Level 2  
  161  10:38  SCV  
  161  10:42  Unknown x2, Marine x2  
  166  10:46  Widow Mine  
  166  10:47  Marine  
  169  10:53  Marine  
  157  10:57  Marine  
  157  10:58  SCV  
  157  11:00  Widow Mine  
  157  11:01  Marine  
  157  11:04  Marine x2  
  158  11:07  Widow Mine  
  158  11:08  Medivac  
  162  11:16  Marauder, Marine x2  
  162  11:18  Unknown  
  155  11:20  SCV x3  
  155  11:21  Widow Mine  
  155  11:22  Medivac  
  155  11:28  Marine x2  
  155  11:29  Marauder x2  
  155  11:32  SCV  
  162  11:33  SCV x2  
  162  11:41  Planetary Fortress  
  162  11:44  SCV  
  162  11:45  SCV x2  
  163  11:48  Viking  
  163  11:53  Viking  
  163  11:54  Marine  
  163  11:56  SCV  
  163  11:57  SCV x2  
  165  12:08  SCV  
  165  12:09  SCV x2  
  165  12:12  Marauder x3  
  174  12:19  Barracks x2  
  174  12:21  SCV x2  
  174  12:22  SCV, Barracks  
  177  12:24  SCV  
  177  12:27  Viking  
  180  12:35  Refinery  
  180  12:38  Refinery  
  180  12:39  Viking  
  179  12:49  Command Center  
  179  13:01  Marine  
  179  13:03  Marine  
  179  13:04  Marine x2  
  174  13:10  Barracks Tech Lab  
  171  13:13  Supply Depot x2  
  171  13:14  Barracks Reactor  
  174  13:20  Unknown x2, Marine, Starport  
  174  13:21  Marauder x2  
  174  13:25  Marine  
  174  13:27  Marine  
  180  13:29  Unknown  
  162  13:37  Unknown  
Show
View Real Time Build Order
Export as new Build Order

Zoun Protoss - Winner!

Build Orders: Blink Stalkers 

Get SALT Encoding   

  12  0:00  Probe  
  13  0:12  Probe  
  14  0:17  Pylon  
  14  0:24  Probe (Chrono Boost)  
  15  0:36  Gateway, Probe (Chrono Boost)  
  16  0:43  Probe (Chrono Boost)  
  16  0:45  Assimilator  
  17  0:51  Probe  
  18  1:03  Probe  
  19  1:19  Probe  
  20  1:27  Cybernetics Core  
  20  1:36  Pylon  
  20  1:50  Nexus  
  20  1:53  Probe  
  21  2:00  Adept (Chrono Boost)  
  21  2:05  Probe  
  21  2:07  Assimilator  
  24  2:11  Warp Gate (Chrono Boost)  
  24  2:17  Probe  
  25  2:22  Stalker  
  25  2:29  Probe  
  28  2:38  Twilight Council  
  28  2:41  Probe  
  29  2:53  Probe  
  30  3:01  Stalker  
  32  3:05  Probe, Gateway  
  32  3:11  Shield Battery  
  33  3:13  Probe, Blink (Chrono Boost)  
  33  3:17  Probe  
  35  3:25  Probe  
  35  3:35  Gateway  
  35  3:39  Probe  
  36  3:46  Probe  
  36  3:48  Robotics Facility  
  37  3:54  Probe  
  38  3:58  Probe, Stalker  
  38  4:00  Stalker  
  43  4:04  Pylon  
  43  4:06  Probe  
  44  4:11  Probe  
  45  4:18  Probe  
  45  4:23  Probe  
  47  4:24  Stalker  
  47  4:30  Probe  
  50  4:32  Pylon  
  50  4:34  Gateway  
  48  4:41  Stalker x2  
  48  4:44  Immortal (Chrono Boost)  
  52  5:00  Probe  
  52  5:02  Stalker  
  55  5:08  Stalker  
  55  5:11  Stalker  
  59  5:20  Pylon  
  59  5:22  Assimilator  
  55  5:32  Stalker x2  
  51  5:38  Probe  
  51  5:39  Warp Prism (Chrono Boost)  
  52  5:44  Nexus, Probe  
  52  5:47  Charge (Chrono Boost)  
  55  5:50  Probe  
  55  5:56  Probe  
  57  6:03  Probe  
  58  6:08  Probe  
  58  6:10  Observer  
  60  6:13  Gateway  
  60  6:14  Sentry, Gateway  
  60  6:15  Probe  
  60  6:18  Forge, Gateway  
  63  6:20  Gateway  
  63  6:23  Probe  
  64  6:27  Probe  
  64  6:30  Pylon  
  65  6:36  Immortal (Chrono Boost)  
  69  6:41  Probe  
  69  6:46  Pylon  
  70  6:48  Probe  
  70  6:50  Zealot x2  
  70  6:51  Zealot  
  77  6:54  Pylon  
  77  6:56  Protoss Ground Weapons Level 1 (Chrono Boost)  
  77  7:08  Zealot x3  
  83  7:13  Immortal (Chrono Boost)  
  83  7:16  Zealot  
  89  7:22  Observer  
  89  7:24  Zealot x3  
  89  7:29  Probe x3  
  92  7:38  Robotics Bay  
  92  7:39  Assimilator  
  92  7:41  Probe x2  
  94  7:44  Observer  
  94  7:45  Stalker x2  
  94  7:46  Stalker  
  94  7:48  Zealot  
  94  7:50  Probe  
  103  7:53  Probe  
  103  7:57  Pylon  
  104  8:07  Zealot x2  
  104  8:10  Robotics Facility  
  108  8:13  Pylon x2  
  108  8:20  Probe  
  108  8:23  Disruptor (Chrono Boost)  
  111  8:32  Nexus  
  111  8:33  Pylon  
  111  8:34  Probe x2  
  111  8:39  Observer  
  111  8:40  Zealot  
  114  8:44  Protoss Ground Armor Level 1 (Chrono Boost)  
  114  8:45  Zealot, Stalker  
  114  8:46  Zealot x2  
  122  8:51  Probe x3  
  122  8:53  Observer  
  122  8:55  Photon Cannon  
  125  8:58  Photon Cannon  
  125  8:59  Disruptor (Chrono Boost)  
  128  9:03  Observer  
  128  9:05  Shield Battery, Disruptor (Chrono Boost)  
  131  9:11  Probe  
  131  9:12  Observer, Probe  
  131  9:15  Stalker  
  135  9:24  Photon Cannon  
  133  9:26  Disruptor  
  133  9:31  Pylon x2  
  136  9:35  Disruptor  
  137  9:42  Zealot x2  
  137  9:45  Zealot x2  
  142  9:57  Zealot x4, Observer  
  142  9:59  Templar Archives  
  150  10:04  Zealot x2  
  152  10:12  Zealot x2, Colossus (Chrono Boost)  
  140  10:18  Colossus (Chrono Boost)  
  146  10:24  Extended Thermal Lance (Chrono Boost)  
  146  10:28  Zealot x3  
  158  10:31  Zealot  
  152  10:38  Zealot x3  
  152  10:41  Zealot  
  158  10:49  Zealot x3  
  158  11:01  Zealot x5  
  156  11:06  Observer, Colossus (Chrono Boost)  
  156  11:07  Disruptor (Chrono Boost)  
  159  11:15  Zealot x2  
  147  11:26  Zealot x6  
  158  11:40  High Templar x2  
  158  11:45  Archon  
  158  11:46  Gateway  
  160  11:48  Gateway  
  160  11:52  Zealot x3  
  160  11:53  Zealot x3  
  163  12:02  Probe  
  163  12:03  Probe x2  
  162  12:09  Disruptor x2 (Chrono Boost)  
  162  12:13  Stalker  
  162  12:14  Zealot  
  172  12:18  Pylon  
  172  12:19  Assimilator, Pylon  
  168  12:43  Nexus  
  168  12:45  Observer x2 (Chrono Boost), Pylon  
  168  12:47  Stalker x5  
  178  12:52  Probe x2  
  172  13:05  Zealot x3  
  172  13:16  Probe x2  
  172  13:19  Zealot x5  
  184  13:21  Shield Battery, Dark Shrine  
  184  13:23  Photon Cannon  
Tags
 
Add a new tag
Caveats
  • Supply blocks, unpowered buildings, or Contaminate may cause inaccurate times.
  • Supply counts are checked every 10 seconds.